 Dungeon Crawl Stone Soup version 0.30-a0-779-g7971cf19c3 (webtiles) character file.

Game seed: 869263170700008511

183 testman the Stinger (level 5, -3/31 HPs)
             Began as an Octopode Venom Mage on Feb 17, 2023.
             Slain by a goblin
             ... wielding a +0 club
             ... led by Robin
              (4 damage)
             ... on level 3 of the Dungeon.
             The game lasted 00:08:37 (2146 turns).

testman the Stinger (Octopode Venom Mage)           Turns: 2146, Time: 00:08:38

Health: -3/31      AC:  1    Str:  8    XL:     5   Next: 62%
Magic:  8/8        EV: 13    Int: 19    God:
Gold:   89         SH:  0    Dex: 12    Spells: 2/8 levels left

rFire   . . .      SeeInvis .    b - +0 short sword (flame)
rCold   . . .      Faith    .    (no shield)
rNeg    . . .      Spirit   .    (helmet restricted)
rPois   .          Reflect  .    (no amulet)
rElec   .          Harm     .    (no ring)
rCorr   .          Rampage  .    (no ring)
Will    .....                    (no ring)
Stlth   +++                      (no ring)
HPRegen 0.25/turn                (no ring)
MPRegen 0.11/turn                (no ring)
                                 (no ring)
                                 (no ring)

@: very slightly contaminated
A: almost no armour, amphibious, 8 rings, camouflage 1, gelatinous body 1,
(nimble swimmer 1), tentacles
a: no special abilities


You were on level 3 of the Dungeon.
You visited 1 branch of the dungeon, and saw 3 of its levels.

You collected 89 gold pieces.

Inventory:

Hand Weapons
 b - a +0 short sword of flaming (weapon)
Missiles
 o - 4 javelins
Wands
 n - a wand of charming (8)
Scrolls
 c - a scroll of enchant weapon {unknown}
 i - 2 scrolls of enchant armour {unknown}
 j - 3 scrolls of identify {unknown}
 k - a scroll of immolation {unknown}
 l - 2 scrolls of amnesia {unknown}
Potions
 a - a potion of magic
 d - a potion of heal wounds {unknown}
 e - 2 potions of might {unknown}
 f - a potion of brilliance {unknown}
 g - a potion of invisibility {unknown}
 h - 2 potions of haste {unknown}
 m - a potion of curing


   Skills:
 - Level 2.0 Dodging
 - Level 2.6 Stealth
 + Level 2.4 Spellcasting
 - Level 3.0 Conjurations
 - Level 1.0 Transmutations
 - Level 3.0 Air Magic
 + Level 4.4 Poison Magic


You had 2 spell levels left.
You knew the following spells:

 Your Spells              Type           Power      Damage    Failure   Level
a - Sting                 Tmut/Pois      48%        1d5       5%          1
b - Poisonous Vapours     Pois/Air       32%        N/A       5%          2
c - Mephitic Cloud        Conj/Pois/Air  15%        N/A       12%         3

Your spell library contained the following spells:

 Spells                   Type           Power      Damage    Failure   Level
 Shock                    Conj/Air       52%        1d6       4%          1
 Momentum Strike          Conj/Tloc      16%        3d8       13%         2
 Blink                    Tloc           4%         N/A       24%         2
 Lesser Beckoning         Tloc           4%         N/A       24%         2
 Swiftness                Air            13%        N/A       14%         3
 Olgreb's Toxic Radiance  Pois           19%        N/A       26%         4
 Airstrike                Air            6%         2d(1-17)  43%         4


Dungeon Overview and Level Annotations

Branches:
Dungeon (3/15)

Altars:

Annotations:
D:3 Robin


Innate Abilities, Weirdness & Mutations

You cannot wear most types of armour.
You are amphibious.
You can wear up to eight rings at the same time.
Your skin changes colour to match your surroundings (Stealth+).
Your rubbery body absorbs attacks. (AC +1, EV +1)
((You are camouflaged when in or above water. (Stealth+)))
You have tentacles for arms and can constrict up to eight enemies at once.


Message History

You miscast Mephitic Cloud.
You are very lightly contaminated with residual magic.
Nothing appears to happen.
The goblin no longer looks unusually strong.
The goblin hits you with a +0 club.
* * * LOW HITPOINT WARNING * * *
The goblin attacks as you move away! The goblin misses you.
The goblin attacks as you move away! The goblin misses you.
The goblin attacks as you move away! The goblin hits you with a +0 dagger.
* * * LOW HITPOINT WARNING * * *
The goblin attacks as you move away! The goblin completely misses you.
The goblin no longer looks unusually strong.
You hit the goblin. You burn the goblin.
You kill the goblin!
Aiming: Sting (safe; 5% risk of failure)
Press: ? - help, Q - select action, (/) - cycle Shift-Dir - straight line, f - goblin
Aim: a goblin, wielding a +0 club (strong, 64% to hit)
You miscast Sting.
Nothing appears to happen.
The goblin no longer looks unusually strong.
The goblin hits you with a +0 club.
* * * LOW HITPOINT WARNING * * *
Robin throws the goblin at you!
Aiming: Sting (safe; 5% risk of failure)
Press: ? - help, Q - select action, (/) - cycle Shift-Dir - straight line, f - goblin, p - goblin
Aim: a goblin, wielding a +0 club (64% to hit)
The sting hits the goblin.
The goblin is poisoned.
The goblin is moderately wounded.
The goblin closely misses you. The goblin hits you with a +0 club.
* * * LOW HITPOINT WARNING * * *
Magic courses through your body. The goblin hits you with a +0 club.
* * * LOW HITPOINT WARNING * * *
The goblin hits you with a +0 club.
* * * LOW HITPOINT WARNING * * *
Aiming: Sting (safe; 5% risk of failure)
Press: ? - help, Q - select action, (/) - cycle Shift-Dir - straight line, f/p - goblin
Aim: a goblin, wielding a +0 club (severely wounded, poisoned, 64% to hit)
The sting hits the goblin.
The goblin looks even sicker.
You kill the goblin!
The goblin hits you with a +0 club.
You die...

.## #.# .# .# #.# #.# .# #.# #.#
'## #.# #.# ..## #####.# #.# ##
...## #.....# ##.# ##. ....##
#..#### ##..# ##..
.....####...###########...####...
..<..+....[....)@ggg.........'...
.....#.......######.......####...
....##.##..#.# #.####..# ##..
...###.##.##.# #.# ##.# ##. ..##
#.##..#.# #.# .... ## '##
#.###.#.# #.# ..##. # .# #.#
#.#.# #.# ##.# # )# #.###.#.# #.#
#.# .#####.......# #..


You could see Robin and 2 goblins.

Vanquished Creatures
  Crazy Yiuf (D:2)
  Ijyb (D:3)
  Terence (D:3)
  4 gnolls (D:3)
  An adder (D:2)
  A worm (D:2)
  7 dart slugs
  2 bats
  2 endoplasms (D:1)
  A giant cockroach (D:1)
  6 goblins
  6 hobgoblins
  3 kobolds
  3 quokkas
  3 ball pythons
  2 frilled lizards (D:1)
  2 rats
46 creatures vanquished.

Vanquished Creatures (others)
  2 fungi (D:2)
2 creatures vanquished.

Grand Total: 48 creatures vanquished

Notes
Turn   | Place    | Note
-------+----------+-------------------------------------------
     0 | D:1      | testman the Octopode Venom Mage began the quest for the
                  | Orb.
     0 | D:1      | Reached XP level 1. HP: 11/11 MP: 3/3
    73 | D:1      | Reached skill level 4 in Poison Magic
    79 | D:1      | Reached XP level 2. HP: 17/17 MP: 1/5
    81 | D:1      | Reached skill level 1 in Air Magic
    84 | D:1      | Learned a level 2 spell: Poisonous Vapours
   385 | D:1      | Reached XP level 3. HP: 19/21 MP: 6/6
   409 | D:1      | Learned a level 3 spell: Mephitic Cloud
   566 | D:1      | Reached skill level 1 in Conjurations
  1314 | D:2      | Reached XP level 4. HP: 27/27 MP: 7/7
  1450 | D:2      | Found a runed translucent door.
  1451 | D:2      | Noticed Crazy Yiuf
  1462 | D:2      | Killed Crazy Yiuf
  1662 | D:3      | Noticed Terence
  1680 | D:3      | Killed Terence
  1784 | D:3      | Noticed Ijyb
  1801 | D:3      | Reached XP level 5. HP: 9/31 MP: 4/8
  1908 | D:3      | Killed Ijyb
  2119 | D:3      | Noticed Robin
  2145 | D:3      | HP: 1/31 [goblin/+0 club[Robin] (5)]
  2146 | D:3      | Slain by a goblin

Illustrated notes

Levels and vault maps discovered:
D:1:      lightli_arrival_lavapool, layout_loops_ring
D:2:      layout_basic, minmay_fountain_box, minmay_stone_trees_small,
          serial_bayou_pond_e, uniq_crazy_yiuf_cottage
D:3:      layout_loops_corners, uniq_jessica, uniq_robin, uniq_terence,
          uniq_ijyb

Skill      XL: |  1  2  3  4  5 |
---------------+----------------+-----
Poison Magic   | 4 |  4.4
Air Magic      | 2 3 |  3.0
Conjurations   | 2 3 |  3.0
Dodging        | |  2.0
Stealth        | |  2.6
Spellcasting   | |  2.4
Transmutations | |  1.0

Action                     |  1- 3 |  4- 6 || total
---------------------------+-------+-------++-------
  Melee: Short sword       |    55 |    22 ||    77
         Constrict         |    15 |     5 ||    20
         Tentacles         |     9 |     6 ||    15
         Unarmed           |     1 |       ||     1
   Cast: Sting             |     6 |    19 ||    25
         Mephitic Cloud    |       |     2 ||     2
    Use: Potion            |       |     1 ||     1
   Stab: Sleeping          |    12 |     1 ||    13
         Distracted        |       |     1 ||     1
 Armour: Skin              |     6 |     3 ||     9
  Dodge: Dodged            |    23 |    31 ||    54

Table legend: (Time is in decaauts)
 A = Elapsed time spent in this place.
 B = Non-inter-level travel time spent in this place.
 C = Inter-level travel time spent in this place.
 D = Time resting spent in this place.
 E = Time spent auto-exploring this place.
 F = Levels seen in this place.
 G = Mean time per level.
                   A        B        C        D        E       F      G
               +--------+--------+--------+--------+--------+-----+--------+
         Total |   2145 |   2063 |     82 |     92 |   1587 |   3 |  715.0 |
       Dungeon |   2145 |   2063 |     82 |     92 |   1587 |   3 |  715.0 |
               +--------+--------+--------+--------+--------+-----+--------+

Top non-repeatable levels by time:
     D:2: 852 daAuts
     D:1: 777 daAuts
     D:3: 516 daAuts
